 Dungeon Crawl Stone Soup version 0.22-a0-469-gf26638a71f (webtiles) character file.

8551 Kriby the Cleaver (level 11, -12/89 HPs)
             Began as a Human Abyssal Knight on June 8, 2018.
             Was an Elder of Lugonu.
             Mangled by a komodo dragon (18 damage)
             ... on level 1 of the Lair of Beasts on June 11, 2018.
             The game lasted 00:20:54 (18789 turns).

Kriby the Cleaver (Human Abyssal Knight)           Turns: 18789, Time: 00:20:54

Health: -12/89     AC:  7    Str: 15    XL:     11   Next: 57%
Magic:  0/27       EV: 11    Int: 13    God:    Lugonu [****..]
Gold:   755        SH:  0    Dex: 13    Spells: 10/10 levels left

rFire    + . .     SeeInvis .   Q - +2 glaive (vamp)
rCold    . . .     Gourm    .   (shield currently unavailable)
rNeg     . . .     Faith    .   d - +3 leather armour
rPois    .         Spirit   +   H - +0 hat
rElec    .         Reflect  .   F - scarf {Spirit}
rCorr    .         Harm     .   (no gloves)
MR       .....                  G - +0 pair of boots
Stlth    +.........             (no amulet)
HPRegen  0.24/turn              f - ring of protection from fire
MPRegen  0.20/turn              j - ring of magical power

@: very slightly contaminated
A: no striking features
a: Depart the Abyss, Bend Space, Banish, Corrupt, Renounce Religion


You were on level 1 of the Lair of Beasts.
You worshipped Lugonu.
Lugonu was greatly pleased with you.
You were not hungry.

You visited 2 branches of the dungeon, and saw 11 of its levels.
You visited the Abyss 1 time.

You collected 755 gold pieces.

Inventory:

Hand Weapons
 i - a +0 war axe
 o - the +5 trident "Yreimouxka" {holy, rN+ Int+5 SInv}
   (You found it on level 5 of the Dungeon)

   It has been blessed by the Shining One to cause great damage to the undead
   and demons.
   It affects your intelligence (+5).
   It protects you from negative energy.
   It lets you see invisible.
 N - a +0 battleaxe
 Q - a +2 vampiric glaive (weapon)
Armour
 d - a +3 leather armour (worn)
 E - a +0 shield
 F - a scarf of spirit shield (worn)
 G - a +0 pair of boots (worn)
 H - a +0 hat (worn)
 I - a +0 scale mail
Jewellery
 f - a ring of protection from fire (left hand)
 j - a ring of magical power (right hand)
 v - an uncursed amulet of faith {unknown}
 A - an uncursed ring of ice {unknown}
 C - an uncursed ring of resist corrosion {unknown}
Wands
 e - a wand of digging (19) {@v1}
 h - a wand of iceblast (5) {@v4}
 l - a wand of polymorph (10)
 z - a wand of clouds (3) {@v3}
 K - a wand of acid (5) {@v2}
 P - a wand of enslavement (18)
Scrolls
 a - 10 scrolls of remove curse {@r2}
 g - a scroll of blinking {@r4}
 k - 3 scrolls of magic mapping
 m - a scroll of amnesia
 p - a scroll of noise
 s - 5 scrolls of identify {@r1}
 t - 4 scrolls of enchant weapon
 y - 4 scrolls of teleportation {@r3}
 B - a scroll of fog
Potions
 b - 2 potions of agility {unknown}
 n - 3 potions of haste {@q3}
 r - 2 potions of curing {@q1}
 u - 2 potions of flight {unknown}
 w - 3 potions of might {@q4}
 x - 10 potions of degeneration
 D - 2 potions of resistance
 J - a potion of cancellation {unknown}
 L - 2 potions of brilliance
 M - a potion of invisibility {unknown}
Comestibles
 c - 19 rations {@e1}


   Skills:
 + Level 9.1 Fighting
 * Level 12.0 Axes
 - Level 2.0 Armour
 - Level 1.0 Dodging
 - Level 3.5 Shields
 + Level 9.3 Invocations


You had 10 spell levels left.
You didn't know any spells.
Your spell library contained the following spells:

 Spells                   Type           Power        Failure   Level  Hunger
 Magic Dart               Conj           #...         36%         1    ##.....
 Conjure Flame            Conj/Fire      #.......     75%         3    ####...
 Slow                     Hex            #.......     50%         2    ###....
 Confuse                  Hex            #.......     75%         3    ####...
 Mephitic Cloud           Conj/Pois/Air  #.......     75%         3    ####...
 Blink                    Tloc           N/A          50%         2    ###....
 Call Imp                 Summ           #.......     50%         2    ###....
 Tukima's Dance           Hex            #.......     75%         3    ####...
 Confusing Touch          Hex            #.....       36%         1    ##.....
 Ensorcelled Hibernation  Hex/Ice        #.....       50%         2    ###....
 Metabolic Englaciation   Hex/Ice        #.........   100%        5    ######.
 Corona                   Hex            #......      36%         1    ##.....
 Petrify                  Tmut/Erth      #.......     98%         4    #####..
 Dazzling Spray           Conj/Hex       #.....       75%         3    ####...
 Gell's Gravitas          Tloc           #.........   75%         3    ####...
 Yara's Violent Unravell  Hex/Tmut       #.........   100%        5    ######.


Dungeon Overview and Level Annotations

Branches:
Dungeon (10/15)            Temple (0/1) D:7            Lair (1/6) D:10
    Orc (0/2) D:10

Altars:
Dithmenos
Fedhas
Trog


Message History

The komodo dragon is almost dead.
The komodo dragon bites you!!
* * * LOW HITPOINT WARNING * * *
You are too injured to fight recklessly!
You hit the komodo dragon.
You feel better.
The komodo dragon is almost dead.
The komodo dragon closely misses you. x2
You closely miss the komodo dragon.
The komodo dragon is almost dead.
The komodo dragon barely misses you.
You hit the komodo dragon.
You feel better.
The komodo dragon is almost dead.
The komodo dragon bites you!
* * * LOW HITPOINT WARNING * * *
You barely miss the komodo dragon.
The komodo dragon is almost dead.
The komodo dragon bites you!!
* * * LOW HITPOINT WARNING * * *
The komodo dragon bites you!!
You die...

*## *** ****
*********##########.####*,****,,*
,,,,,,,,,...............,,,,,,,,,
,,,,,,,,,,,...........,,,,,,,,,,,
,,,,,,,,,,,,,.......,,,,,,,,,,,,,
,,,,,,,**,,,**#.l.##,****,,,**,**
,,,,,,***,,,* #.@.P#** **,,,*****
,,,,,,**,,,,* #..%## *,,,,,* *
,,,,,,***,,,* #...# *,,,,** *
,,,,,,***,,,* #...# **,,,,*
,,,,,,**,,,,* #...# *,,,**
,,,,,,***,,,* #...#* *,,,*
,,,,,,,**,,,* #....* *,,,**
,,,,,,***,,,**#...#* *,,,,*
,,,,,,,**,,,**....P******,,,** *


You could see a komodo dragon.

Vanquished Creatures
  A two-headed ogre (D:10)
  Pikel (D:5)
  The ghost of Banto the Covert, a novice OpEE of Sif Muna (D:6)
  An elephant (D:10)
  A troll (D:9)
  Grinder (D:6)
  A hippogriff (D:10)
  A wraith (D:10)
  A wyvern (D:10)
  4 hogs (D:7)
  4 yaks (D:10)
  A human (D:7)
  2 basilisks (D:10)
  A water moccasin (D:10)
  2 black bears
  An orc warrior (D:10)
  2 sky beasts
  A swamp drake (D:10)
  2 slaves (D:5)
  4 ice beasts
  A phantom (D:5)
  An ogre (D:7)
  6 centaurs
  A crocodile (Lair:1)
  A big kobold (D:10)
  7 bullfrogs
  A scorpion (D:4)
  A howler monkey (D:8)
  9 crimson imps
  The ghost of mrRosa the Conjurer, a weakling DECj (D:3)
  7 orc priests
  A centaur skeleton (D:8)
  2 hounds
  2 jellies
  10 orc wizards
  A bullfrog skeleton (D:5)
  3 iguanas
  9 worker ants
  A hound skeleton (D:7)
  A howler monkey zombie (D:6)
  A worker ant zombie (D:8)
  6 gnolls
  10 adders
  6 shadow imps
  2 oozes
  An adder zombie (D:5)
  2 adder skeletons
  13 dart slugs
  3 leopard geckos
  30 orcs
  8 giant cockroaches
  7 goblins
  5 hobgoblins
  8 jackals
  2 quokkas
  2 ball pythons
  10 bats
  8 frilled lizards
  A jackal skeleton (D:6)
  14 kobolds
  A leopard gecko skeleton (D:4)
  A quokka skeleton (D:5)
  12 rats
252 creatures vanquished.

Vanquished Creatures (others)
  A two-headed ogre (D:9)
  An orc warrior (D:9)
  A slave (D:6)
  A howler monkey (D:6)
4 creatures vanquished.

Grand Total: 256 creatures vanquished

Notes
Turn   | Place    | Note
-------+----------+-------------------------------------------
     0 | Abyss:1  | Kriby the Human Abyssal Knight began the quest for the Orb.
     0 | Abyss:1  | Reached XP level 1. HP: 18/18 MP: 2/2
    79 | Abyss:1  | Noticed a hellwing
    90 | Abyss:1  | Noticed a wight
   123 | Abyss:1  | Noticed a rakshasa
   125 | D:1      | Escaped the Abyss
   316 | D:1      | Reached XP level 2. HP: 24/24 MP: 3/3
   323 | D:1      | Reached * piety under Lugonu
   702 | D:1      | Reached XP level 3. HP: 28/29 MP: 4/4
   786 | D:1      | Reached skill level 3 in Axes
  1641 | D:2      | Reached XP level 4. HP: 35/35 MP: 5/5
  2153 | D:2      | Reached ** piety under Lugonu
  3257 | D:2      | Reached XP level 5. HP: 9/42 MP: 7/7
  3709 | D:3      | Noticed mrRosa's ghost (weakling DECj)
  3720 | D:3      | Killed mrRosa's ghost
  3720 | D:3      | Reached skill level 4 in Axes
  4383 | D:3      | Reached XP level 6. HP: 43/48 MP: 8/8
  4913 | D:3      | Found a shadowy altar of Dithmenos.
  5122 | D:4      | Reached skill level 5 in Axes
  5292 | D:4      | Reached *** piety under Lugonu
  5798 | D:4      | Reached XP level 7. HP: 23/55 MP: 9/9
  6667 | D:5      | Entered Level 5 of the Dungeon
  7564 | D:4      | Reached skill level 6 in Axes
  7570 | D:4      | Reached skill level 5 in Fighting
  7833 | D:5      | Reached XP level 8. HP: 46/62 MP: 11/11
  7850 | D:5      | Got a faintly glowing trident
  7851 | D:5      | Identified the +5 trident "Yreimouxka" {holy, rN+ Int+5 SInv} (You found it on level 5 of the Dungeon)
  8297 | D:6      | Noticed Grinder
  8301 | D:6      | Paralysed by Grinder for 6 turns
  8309 | D:6      | HP: 3/62 [Grinder (2)]
  8309 | D:6      | HP: 1/62 [Grinder (2)]
  8311 | D:6      | Killed Grinder
  8311 | D:6      | Reached skill level 5 in Invocations
  8653 | D:6      | Noticed Banto's ghost (novice OpEE)
  8660 | D:5      | Reached skill level 7 in Axes
  9167 | D:6      | Killed Banto's ghost
  9167 | D:6      | Reached XP level 9. HP: 66/69 MP: 13/13
  9635 | D:6      | Reached skill level 8 in Axes
 10237 | D:6      | Noticed Pikel
 10275 | D:5      | Killed Pikel
 10275 | D:5      | Reached skill level 9 in Axes
 11243 | D:6      | Reached XP level 10. HP: 62/79 MP: 15/15
 11338 | D:6      | Found a blossoming altar of Fedhas.
 11920 | D:7      | Found a staircase to the Ecumenical Temple.
 12883 | D:7      | Reached skill level 10 in Axes
 13370 | D:8      | Upgraded the game from 0.22-a0-458-gb446440d2e to 0.22-a0-469-gf26638a71f
 14915 | D:9      | Reached skill level 1 in Shields
 15182 | D:9      | Noticed a two-headed ogre
 15189 | D:9      | Banished a two-headed ogre
 15702 | D:9      | Reached skill level 11 in Axes
 15934 | D:10     | Entered Level 10 of the Dungeon
 16019 | D:10     | Found a bloodstained altar of Trog.
 16040 | D:10     | Reached XP level 11. HP: 74/87 MP: 17/17
 16157 | D:10     | Noticed a two-headed ogre
 16163 | D:10     | Killed a two-headed ogre
 16491 | D:10     | Found a staircase to the Lair.
 16530 | D:10     | Noticed an elephant
 16550 | D:10     | Killed an elephant
 17327 | D:10     | Reached **** piety under Lugonu
 17506 | D:10     | Found a staircase to the Orcish Mines.
 17930 | Lair:1   | Entered Level 1 of the Lair of Beasts
 18772 | Lair:1   | Reached skill level 12 in Axes
 18789 | Lair:1   | Mangled by a komodo dragon

Vault maps used:
D:1:      dpeg_arrival_snail
D:2:      first_ration
D:3:      lemuel_crystal_altar, item_on_display_a
D:4:      kennysheep_slugbush
D:5:      minivault_4
D:6:      hangedman_cross_stitches, kennysheep_mini_moat, uniq_pikel,
          uniq_grinder
D:7:      temple_pool_b, grunt_livestock, mrwooster_statue_mirror
D:10:     david_lair_generic, erik_orc_1, basic_altar

Skill      XL: |  1  2  3  4  5  6  7  8  9 10 11 |
---------------+----------------------------------+-----
Axes           | 3 4 5 6 7 9 11 12 | 12.0
Invocations    | 3 4 5 7 8 9 |  9.3
Fighting       | 4 5 6 7 8 9 |  9.1
Shields        | 2 3 |  3.5
Armour         | |  2.0
Dodging        | |  1.0

Action                   |  1- 3 |  4- 6 |  7- 9 | 10-12 || total
-------------------------+-------+-------+-------+-------++-------
Melee: Hand axe          |   110 |     1 |       |       ||   111
       War axe           |       |   205 |    82 |       ||   287
       Trident           |       |       |   227 |   336 ||   563
       Glaive            |       |       |       |    57 ||    57
Invok: Depart the Abyss  |     1 |       |       |       ||     1
       Banish            |       |       |       |     5 ||     5
Evoke: Wand              |       |     1 |       |     8 ||     9
  Use: Potion            |       |     3 |     5 |     1 ||     9
       Scroll            |       |     4 |     1 |     9 ||    14
 Stab: Distracted        |       |       |     1 |     1 ||     2
       Sleeping          |       |       |       |     1 ||     1
  Eat: Chunk             |     2 |     8 |    13 |    13 ||    36
       Ration            |       |     2 |     1 |     5 ||     8
Armor: Scale mail        |    68 |    39 |       |       ||   107
       Leather armour    |       |    48 |   115 |    74 ||   237
       Skin              |       |    15 |     2 |       ||    17
       Ring mail         |       |       |       |     2 ||     2
Dodge: Dodged            |    60 |   128 |   171 |   129 ||   488
Block: Shield            |       |       |       |    71 ||    71

Table legend:
 A = Spawn XP
 B = Non-spawn XP
 C = Spawn XP percentage of total XP
 D = Spawn monster count
 E = Non-spawn monster count
 F = Spawn count percentage of total count
 G = Total turns spent on level
                    A         B        C        D         E        F      G
               +---------+---------+-------+---------+---------+-------+---------
         Total |       0 |   12216 |   0.0 |       0 |     253 |   0.0 | 18789
               +---------+---------+-------+---------+---------+-------+---------
           D:1 |       0 |      39 |   0.0 |       0 |      25 |   0.0 |  1156
           D:2 |       0 |     149 |   0.0 |       0 |      34 |   0.0 |  2675
           D:3 |       0 |     239 |   0.0 |       0 |      27 |   0.0 |  1198
           D:4 |       0 |     363 |   0.0 |       0 |      21 |   0.0 |  2521
           D:5 |       0 |    1403 |   0.0 |       0 |      25 |   0.0 |  2944
           D:6 |       0 |    1811 |   0.0 |       0 |      28 |   0.0 |  1552
           D:7 |       0 |    1235 |   0.0 |       0 |      15 |   0.0 |  1450
           D:8 |       0 |     769 |   0.0 |       0 |      17 |   0.0 |  1213
           D:9 |       0 |    1447 |   0.0 |       0 |      16 |   0.0 |  1100
          D:10 |       0 |    4443 |   0.0 |       0 |      42 |   0.0 |  2677
        Lair:1 |       0 |     318 |   0.0 |       0 |       3 |   0.0 |   178
               +---------+---------+-------+---------+---------+-------+---------
